 Dungeon Crawl Stone Soup version 0.27.0-1-g7a08968 (webtiles) character file.

Game seed: 16586251367653488148

3305 Orban the Grappler (level 9, 0/144 HPs)
             Began as a Troll Berserker on Aug 31, 2022.
             Was a High Priest of Trog.
             Succumbed to a killer bee's poison
             ... on level 7 of the Dungeon.
             The game lasted 00:15:17 (4596 turns).

Orban the Grappler (Troll Berserker)                Turns: 4596, Time: 00:15:18

Health: 0/144      AC:  4    Str: 30    XL:     9   Next: 70%
Magic:  8/8        EV: 11    Int:  3    God:    Trog [*****.]
Gold:   316        SH:  0    Dex:  9    Spells: 8/8 levels left

rFire    . . .     SeeInvis +     - Unarmed
rCold    . . .     Faith    .   (no shield)
rNeg     . . .     Spirit   .   a - +0 animal skin
rPois    .         Reflect  .   (helmet restricted)
rElec    .         Harm     +   i - scarf {harm}
rCorr    .         Rampage  .   (gloves unavailable)
Will     .....                  (boots unavailable)
Stlth    ..........             c - amulet of regeneration
HPRegen  2.34/turn              (no ring)
MPRegen  0.11/turn              (no ring)

@: berserking (expiring), lethally poisoned (0 -> -2), very quick
A: large, unfitting armour, claws 3, regeneration 1, shaggy fur 1, tough skin 1,
horns 1, see invisible, robust 1
a: Renounce Religion, Berserk, Trog's Hand, Brothers in Arms


You were on level 7 of the Dungeon.
You worshipped Trog.
Trog was extremely pleased with you.
You visited 1 branch of the dungeon, and saw 9 of its levels.
You also visited: Ossuary.

You collected 316 gold pieces.

Inventory:

Hand Weapons
 q - a +3 dagger of holy wrath
 t - a +1 flail of holy wrath
 y - a +1 rapier of speed
Armour
 a - a +0 animal skin (worn)
 i - a scarf of harm (worn)
 o - a +0 plate armour
 E - a +0 leather armour
 F - a +0 chain mail
 J - a +1 helmet
Jewellery
 c - an amulet of regeneration (around neck)
 k - a ring of ice
 n - an amulet of faith
 u - a ring of protection from fire
 H - a ring of ice
Wands
 x - a wand of polymorph (6)
 B - a wand of iceblast (9)
 D - a wand of paralysis (6)
Scrolls
 e - 2 scrolls of magic mapping
 f - 4 scrolls of teleportation
 g - 4 scrolls of enchant weapon
 m - a scroll of blinking {unknown}
 w - a scroll of vulnerability {unknown}
 C - a scroll of silence {unknown}
 G - a scroll of identify
 I - a scroll of enchant armour {unknown}
Potions
 b - 5 potions of lignification
 d - 2 potions of brilliance {unknown}
 h - a potion of invisibility
 j - 4 potions of curing
 l - 2 potions of degeneration {unknown}
 p - a potion of heal wounds
 r - a potion of flight {unknown}
 s - a potion of berserk rage {unknown}
 v - a potion of haste {unknown}
 z - 2 potions of resistance {unknown}
 A - a potion of magic {unknown}


   Skills:
 * Level 5.3 Fighting
 * Level 6.2 Dodging
 + Level 10.8 Unarmed Combat


You had 8 spell levels left.
You didn't know any spells.
Your spell library was empty.

Dungeon Overview and Level Annotations

Branches:
Dungeon (9/15)            Ossuary (visited)
 Temple: D:4-7         Lair: D:8-11         Orc: D:9-12

Altars:
Elyvilon
Kikubaaqudgha
Makhleb
Wu Jian

Annotations:
D:6 2 transporters


Innate Abilities, Weirdness & Mutations

You are too large for most types of armour.
You have claws for hands.
Your natural rate of healing is unusually fast.
You are covered in fur. (AC +1)
You have tough skin. (AC +1)
You have a pair of small horns on your head.
You have supernaturally acute eyesight. (SInv)
You are robust. (+10% HP)


Message History

The killer bee barely misses you.
You barely miss the killer bee.
The killer bee is heavily wounded.
You feel very sick.
The killer bee misses you. x2; The killer bee barely misses you.
The killer bee stings you!
* * * LOW HITPOINT WARNING * * *
You scratch the killer bee.
The killer bee is almost dead.
You feel very sick. The killer bee completely misses you.
The killer bee stings you!
* * * LOW HITPOINT WARNING * * *
The killer bee stings you but does no damage.
You closely miss the killer bee. Your headbutt misses the killer bee.
Your claw misses the killer bee.
You feel very sick. The killer bee stings you.
* * * LOW HITPOINT WARNING * * *
The killer bee stings you!
* * * LOW HITPOINT WARNING * * *
The killer bee barely misses you.
You are too berserk!
You eviscerate the killer bee!!!
You kill the killer bee!
Trog accepts your kill.
You feel very sick. The killer bee barely misses you.
The killer bee stings you.
* * * LOW HITPOINT WARNING * * *
An orc comes into view. It is wielding a +0 club.
* * * LOW HITPOINT WARNING * * *
You feel very sick.
The orc shouts!
The killer bee barely misses you.
An orc priest comes into view. It is wielding a +0 club.
You see here a killer bee corpse.
You feel a strong urge to attack something.
* * * LOW HITPOINT WARNING * * *
You feel sick. The killer bee closely misses you.
A hound comes into view.
You die...

###########
#.........#
#.........#
#........?#
#.........# ##
#.........# ...
#.........# ....
#......@..##.....
#.>...........o.o
#.......yy##....
#.........######..
##....$..†.......y
.....###########..
h#####


You could see a hound (wandering), 2 killer bees and an orc.

Vanquished Creatures
  Pikel (D:4)
  Maurice (D:9)
  Eustachio (D:5)
  Duvessa (D:5)
  An ice beast (D:5)
  A necrophage (D:5)
  2 ogres
  A phantom (D:5)
  A lemure (D:4)
  2 kobold brigands
  4 scorpions
  3 water moccasin zombies (Ossuary)
  Dowan (D:5)
  A water moccasin skeleton (D:6)
  8 killer bees
  A howler monkey (D:6)
  2 jellies (D:4)
  A centaur zombie (D:9)
  3 orc priests
  2 hounds (D:4)
  3 iron imps (D:3)
  A centaur skeleton (D:5)
  2 iguanas
  2 orc wizards (D:5)
  A killer bee zombie (D:6)
  2 hound skeletons
  2 mummies (Ossuary)
  Robin (D:3)
  4 gnolls (D:3)
  9 adders
  An ufetubus (D:5)
  3 adder zombies (Ossuary)
  2 worms (D:3)
  An adder skeleton (D:4)
  A dart slug (D:1)
  8 orcs
  5 ball pythons
  14 endoplasms
  7 giant cockroaches
  3 gnoll zombies (Ossuary)
  14 goblins
  9 hobgoblins
  15 jackals
  2 quokkas
  5 bats
  7 frilled lizards
  A hobgoblin zombie (Ossuary)
  15 kobolds
  11 kobold zombies (Ossuary)
  2 orc zombies (Ossuary)
  2 rats (D:3)
  2 bushes (D:2)
195 creatures vanquished.

Vanquished Creatures (others)
  3 plants (D:2)
3 creatures vanquished.

Grand Total: 198 creatures vanquished

Notes
Turn   | Place    | Note
-------+----------+-------------------------------------------
     0 | D:1      | Orban the Troll Berserker began the quest for the Orb.
     0 | D:1      | Reached XP level 1. HP: 22/22 MP: 0/0
    70 | D:1      | Found a faded altar of an unknown god.
    96 | D:1      | Reached XP level 2. HP: 26/29 MP: 1/1
   950 | D:2      | Reached XP level 3. HP: 36/36 MP: 2/2
   953 | D:2      | Reached skill level 4 in Unarmed Combat
  1103 | D:2      | Reached ** piety under Trog
  1134 | D:2      | Reached XP level 4. HP: 44/44 MP: 3/3
  1213 | D:2      | Found a white marble altar of Elyvilon.
  1918 | D:3      | Noticed Robin
  1929 | D:3      | Killed Robin
  1930 | D:3      | Reached skill level 5 in Unarmed Combat
  1975 | D:3      | Reached XP level 5. HP: 51/52 MP: 4/4
  2040 | D:3      | Reached *** piety under Trog
  2198 | D:3      | Found a burning altar of Makhleb.
  2214 | D:3      | Reached XP level 6. HP: 61/61 MP: 5/5
  2436 | D:4      | Noticed Pikel
  2450 | D:4      | Killed Pikel
  2451 | D:4      | Reached skill level 7 in Unarmed Combat
  2451 | D:4      | Reached XP level 7. HP: 47/67 MP: 6/6
  2923 | D:4      | Reached XP level 8. HP: 78/78 MP: 7/7
  3044 | D:4      | Reached skill level 8 in Unarmed Combat
  3236 | D:5      | Entered Level 5 of the Dungeon
  3288 | D:5      | Found a sand-covered staircase.
  3293 | Ossuary  | Entered an ossuary
  3303 | Ossuary  | Reached **** piety under Trog
  3402 | Ossuary  | Reached skill level 5 in Dodging
  3466 | D:5      | Gained mutation: You sometimes lose the ability to read
                  | scrolls when taking damage. [potion of mutation]
  3466 | D:5      | Gained mutation: You have a pair of small antennae on your
                  | head. [potion of mutation]
  3467 | D:5      | Lost mutation: You sometimes lose the ability to read
                  | scrolls when taking damage. [potion of mutation]
  3467 | D:5      | Lost mutation: You have a pair of small antennae on your
                  | head. [potion of mutation]
  3467 | D:5      | Gained mutation: Your mind is acute. (Int +2) [potion of
                  | mutation]
  3468 | D:5      | Lost mutation: Your mind is acute. (Int +2) [potion of
                  | mutation]
  3468 | D:5      | Gained mutation: You have a pair of small horns on your
                  | head. [potion of mutation]
  3468 | D:5      | Gained mutation: You are robust. (+10% HP) [potion of
                  | mutation]
  3468 | D:5      | Gained mutation: You have supernaturally acute eyesight.
                  | (SInv) [potion of mutation]
  3508 | D:5      | Noticed Duvessa
  3508 | D:5      | Noticed Dowan
  3511 | D:5      | Killed Duvessa
  3516 | D:5      | Killed Dowan
  3521 | D:5      | Reached skill level 9 in Unarmed Combat
  3616 | D:5      | Noticed Eustachio
  3627 | D:5      | Killed Eustachio
  3706 | D:5      | Reached XP level 9. HP: 86/93 MP: 8/8
  3717 | D:5      | Reached ***** piety under Trog
  3847 | D:5      | Found an ornate altar of the Wu Jian Council.
  4124 | D:6      | Reached skill level 10 in Unarmed Combat
  4192 | D:6      | Found an ancient bone altar of Kikubaaqudgha.
  4291 | D:6      | Found a transporter.
  4294 | D:6      | Found a transporter.
  4346 | D:6      | You fall into a shaft and drop 3 floors!
  4353 | D:9      | Noticed Maurice
  4382 | D:9      | Killed Maurice
  4383 | D:9      | Reached skill level 5 in Fighting
  4593 | D:7      | HP: 3/144 [killer bee (7)]
  4594 | D:7      | HP: 1/144 [poisoned by a killer bee]
  4596 | D:7      | Succumbed to a killer bee's poison

Illustrated notes

Levels and vault maps discovered:
D:1:      lemuel_arrival_lava_pool, layout_basic,
          hellmonk_ecumenical_altar_prayer_group
D:2:      layout_basic, serial_forest, infiniplex_forest_straight_4,
          infiniplex_forest_lined_1, infiniplex_forest_clump_long,
          infiniplex_forest_clump_cross, infiniplex_forest_end_double,
          infiniplex_forest_lined_room_2, infiniplex_forest_zigzag_2,
          infiniplex_forest_clump_medium, basic_altar, minmay_hexomino_c4
D:3:      layout_basic, demons_altar, minmay_misc_feat_columns, uniq_robin
D:4:      layout_gridville, uniq_pikel
D:5:      layout_rooms, pdpol_wu_jian_five_deadly_venoms, enter_ossuary_2,
          chequers_serial_rivers_micro_d, uniq_duvessa, uniq_eustachio
D:6:      gammafunk_wand_slinger, layout_cave_pools, kennysheep_mini_moat,
          temple_doors_e
D:7:      layout_basic, mainiacjoe_overflow_alcove_1
D:8:      layout_basic, serial_glass, glass_columns_a, glass_columns_a,
          glass_columns_a, glass_columns_a, glass_columns_a, glass_columns_c
D:9:      layout_stronghold, zin_statuary, mainiacjoe_overflow_big_doors,
          uniq_maurice, uniq_harold

Skill      XL: |  1  2  3  4  5  6  7  8  9 |
---------------+----------------------------+-----
Unarmed Combat | 4 5 7 9 10 | 10.8
Dodging        | 3 4 5 6 |  6.2
Fighting       | 3 4 5 |  5.3

Action                   |  1- 3 |  4- 6 |  7- 9 || total
-------------------------+-------+-------+-------++-------
Melee: Unarmed           |    66 |   198 |   252 ||   516
       Punch             |     1 |     7 |     8 ||    16
       Headbutt          |       |       |    13 ||    13
Invok: Berserk           |     1 |     1 |     5 ||     7
  Use: Scroll            |       |       |    10 ||    10
       Potion            |       |       |     8 ||     8
 Stab: Sleeping          |     1 |     1 |     2 ||     4
       Invisible         |       |       |     4 ||     4
Armor: Animal skin       |    26 |    39 |    83 ||   148
       Skin              |       |       |     1 ||     1
Dodge: Dodged            |    28 |    79 |   182 ||   289
